 Dungeon Crawl Stone Soup version 0.30-a0-913-g9934a0ce24 (webtiles) character file.

Game seed: 8139566947689080490

13 Sobieck the Vexing (level 2, 0/14 HPs)
             Began as a Spriggan Hexslinger on Mar 19, 2023.
             Slain by an adder (2 damage)
             ... on level 2 of the Dungeon.
             The game lasted 00:01:18 (204 turns).

Sobieck the Vexing (Spriggan Hexslinger)             Turns: 204, Time: 00:01:19

Health: 0/14       AC:  2    Str:  6    XL:     2   Next: 24%
Magic:  3/5        EV: 17    Int: 14    God:
Gold:   51         SH:  0    Dex: 15    Spells: 2/3 levels left

rFire   . . .      SeeInvis +    a - +1 sling
rCold   . . .      Faith    .    (no shield)
rNeg    . . .      Spirit   .    c - +0 robe
rPois   .          Reflect  .    (helmet restricted)
rElec   .          Rampage  .    (no cloak)
rCorr   .                        (gloves unavailable)
Will    .....                    (boots unavailable)
Stlth   +                        (no amulet)
HPRegen 0.22/turn                (no ring)
MPRegen 0.09/turn                (no ring)

@: lethally poisoned (0 -> -7), very quick
A: very small, no large weapons, unfitting armour, see invisible, speed 3
a: no special abilities


You were on level 2 of the Dungeon.
You visited 1 branch of the dungeon, and saw 2 of its levels.

You collected 51 gold pieces.


Innate Abilities, Weirdness & Mutations

You are very small and have problems with some larger weapons.
You are too small for most types of armour.
You have supernaturally acute eyesight. (SInv)
You cover ground extremely quickly. (Speed+++)


   Skills:
 + Level 1.2 Fighting
 + Level 2.3 Ranged Weapons
 + Level 3.1 Dodging
 - Level 1.3 Spellcasting
 - Level 3.6 Hexes


You had 2 spell levels left.
You knew the following spells:

 Your Spells              Type           Power      Damage    Failure   Level
a - Slow                  Hex            44%        N/A       6%          1

Your spell library contained the following spells:

 Spells                   Type           Power      Damage    Failure   Level
 Inner Flame              Hex/Fire       6%         N/A       36%         3
 Portal Projectile        Hex/Tloc       12%        N/A       36%         3
 Cause Fear               Hex            5%         N/A       50%         4

Inventory:

Hand Weapons
 a - a +1 sling (weapon)
Armour
 c - a +0 robe (worn)
 f - a +0 robe
   (You found it on level 1 of the Dungeon)
Scrolls
 e - a scroll of noise {unknown}
 g - a scroll of teleportation {unknown}
Potions
 d - a potion of heal wounds {unknown}

Dungeon Overview and Level Annotations

Branches:
Dungeon (1/15) Zot: 11846

Altars:

#######
#...§.#
#######§§§§.#
#§§@Bw§§§§§.+
##S####§§§§.#
#§ ##..§## #§
#...# #§
#...# #§
#...# #§
##### #§


You could see a worm, an adder and a giant cockroach (slow).


Message History

The sling bullet hits the hobgoblin but does no damage.
You shoot a sling bullet. The sling bullet hits the hobgoblin!
You kill the hobgoblin!
A rat and a giant cockroach come into view.
Danger!
You shoot a sling bullet. The sling bullet hits the rat.
You kill the rat!
You shoot a sling bullet.
The sling bullet hits the giant cockroach.
You shoot a sling bullet.
The sling bullet closely misses the giant cockroach.
You shoot a sling bullet.
The sling bullet hits the giant cockroach.
You kill the giant cockroach!
You now have 44 gold pieces (gained 13).
g - a scroll labelled MIJYLA ZICLAE
Found a stone staircase leading down.
You now have 51 gold pieces (gained 7).
A sourceless malevolence fills the Dungeon...
You fall into a shaft and drop 1 floor!
The shaft crumbles and collapses.
Unknown command.
You open the door.
A worm and a giant cockroach come into view.
Danger!
You shoot a sling bullet. The sling bullet hits the worm.
You shoot a sling bullet. The sling bullet hits the worm!
You shoot a sling bullet.
The sling bullet hits the worm but does no damage.
You shoot a sling bullet. The sling bullet hits the worm.
You shoot a sling bullet. The sling bullet hits the worm.
You shoot a sling bullet.
The sling bullet closely misses the giant cockroach.
The sling bullet hits the worm but does no damage.
The giant cockroach bites you but does no damage. x2
The worm misses you.
There is an open door here.
An adder comes into view.
You shoot a sling bullet.
The sling bullet hits the giant cockroach.
You shoot a sling bullet.
The sling bullet barely misses the giant cockroach.
The sling bullet hits the worm but does no damage.
The giant cockroach closely misses you. The giant cockroach misses you.
You shoot a sling bullet.
The sling bullet closely misses the giant cockroach.
The sling bullet hits the worm.
The giant cockroach bites you but does no damage. x2
The adder barely misses you.
You shoot a sling bullet.
The sling bullet completely misses the giant cockroach.
The sling bullet hits the worm but does no damage.
The adder barely misses you. The giant cockroach closely misses you.
You shoot a sling bullet.
The sling bullet hits the giant cockroach but does no damage.
The adder bites you. The giant cockroach misses you.
The adder closely misses you. The giant cockroach misses you.
You are too injured to fight recklessly!
You are too injured to fight recklessly!
Unknown command.
Aiming: Slow (safe; 6% risk of failure)
Press: ? - help, Q - select action, (/) - cycle Shift-Dir - straight line, f/p - giant cockroach
Aim: a giant cockroach (almost dead, chance to affect: 62%)
The giant cockroach seems to slow down.
The adder barely misses you. The giant cockroach barely misses you.
Aiming: Slow (safe; 6% risk of failure)
Press: ? - help, Q - select action, (/) - cycle Shift-Dir - straight line, f/p - giant cockroach
Aim: a giant cockroach (almost dead, slow, chance to affect: 62%)
The giant cockroach seems to slow down.
The adder completely misses you.
Unknown command.
Fire: a) +1 sling
Press: ? - help, Q - select action, (/) - cycle Shift-Dir - straight line, f/p - giant cockroach
Aim: a giant cockroach (almost dead, slow, 57% to hit)
You shoot a sling bullet.
The sling bullet completely misses the giant cockroach.
The adder closely misses you. The giant cockroach closely misses you.
The adder bites you.
Fire: a) +1 sling
Press: ? - help, Q - select action, (/) - cycle Shift-Dir - straight line, f/p - giant cockroach
Aim: a giant cockroach (almost dead, slow, 57% to hit)
You shoot a sling bullet.
The sling bullet closely misses the giant cockroach.
The adder bites you.
* * * LOW HITPOINT WARNING * * *
You are poisoned.
The adder poisons you! The giant cockroach bites you.
* * * LOW HITPOINT WARNING * * *
The adder bites you.
* * * LOW HITPOINT WARNING * * *
You are more poisoned.
The adder poisons you!
Really read
b - a scroll of poison {!r}?
Really read the scroll of poison?
The air fills with toxic fumes!
As you read the scroll of poison {!r}, it crumbles to dust.
* * * LOW HITPOINT WARNING * * *
You feel very sick. The giant cockroach misses you. The adder bites you.
You die...

Skill      XL: |  1 |
---------------+----+-----
Fighting       | 1 |  1.2
Dodging        | 3 |  3.1
Ranged Weapons | |  2.3
Spellcasting   | |  1.3
Hexes          | |  3.6

Action                     || total
---------------------------++-------
   Fire: Sling             ||    36
   Cast: Slow              ||     3
    Use: Scroll            ||     1
 Armour: Robe              ||     5
  Dodge: Dodged            ||    15

Levels and vault maps discovered:
D:1:      mrwooster_arrival_statue, layout_basic
D:2:      layout_basic, minmay_misc_feat_plants, grunt_decor_resistance,
          corexii_item_surrounded_by_moat, minmay_door_square

Notes
Turn   | Place    | Note
-------+----------+-------------------------------------------
     0 | D:1      | Sobieck the Spriggan Hexslinger began the quest for the
                  | Orb.
     0 | D:1      | Reached XP level 1. HP: 9/9 MP: 3/3
    23 | D:1      | Reached skill level 1 in Fighting
    38 | D:1      | Reached skill level 3 in Dodging
    74 | D:1      | Reached XP level 2. HP: 14/14 MP: 5/5
   172 | D:1      | You fall into a shaft and drop 1 floor!
   204 | D:2      | HP: 2/14 [poisoned by an adder]
   204 | D:2      | Slain by an adder

Vanquished Creatures
  A ball python (D:1)
  2 endoplasms (D:1)
  A giant cockroach (D:1)
  A goblin (D:1)
  2 hobgoblins (D:1)
  A frilled lizard (D:1)
  A kobold (D:1)
  3 rats (D:1)
12 creatures vanquished.

Table legend:
 A = Non-vault XP
 B = Vault XP
 C = Vault XP percentage of total XP
 D = Non-vault monster count
 E = Vault monster count
 F = Vault count percentage of total count
                 A         B        C        D         E       F
            +---------+---------+-------+---------+---------+-------
      Total |      19 |       0 |   0.0 |      12 |       0 |   0.0
            +---------+---------+-------+---------+---------+-------
        D:1 |      19 |       0 |   0.0 |      12 |       0 |   0.0
            +---------+---------+-------+---------+---------+-------

Illustrated notes

Table legend:
 A = Kills in this place as a percentage of kills in the entire game.
 B = Kills by you in this place as a percentage of kills by you in the entire game.
 C = Kills by friends in this place as a percentage of kills by friends in the entire game.
 D = Other kills in this place as a percentage of other kills in the entire game.
 E = Experience gained in this place as a percentage of experience gained in the entire game.
 F = Experience gained in this place divided by the number of levels of this place that you have seen.
                   A       B       C       D       E      F
               +-------+-------+-------+-------+-------+----------------------
         Total | 100.0 | 100.0 |   N/A |   N/A | 100.0 |   9.5
       Dungeon | 100.0 | 100.0 |   N/A |   N/A | 100.0 |   9.5
               +-------+-------+-------+-------+-------+----------------------

Table legend: (Time is in decaauts)
 A = Elapsed time spent in this place.
 B = Non-inter-level travel time spent in this place.
 C = Inter-level travel time spent in this place.
 D = Time resting spent in this place.
 E = Time spent auto-exploring this place.
 F = Levels seen in this place.
 G = Mean time per level.
                   A        B        C        D        E       F      G
               +--------+--------+--------+--------+--------+-----+--------+
         Total |    153 |    153 |      0 |      0 |     74 |   2 |   76.5 |
       Dungeon |    153 |    153 |      0 |      0 |     74 |   2 |   76.5 |
               +--------+--------+--------+--------+--------+-----+--------+

Top non-repeatable levels by time:
     D:1: 123 daAuts
     D:2: 29 daAuts
